 Dungeon Crawl Stone Soup version 0.21-a0-352-g5b8f553 (webtiles) character file.

249 nikopol the Chopper (level 6, -3/53 HPs)
             Began as a Hill Orc Fighter on Oct 10, 2017.
             Killed from afar by an orc wizard (5 damage)
             ... with a puff of flame
             ... on level 4 of the Dungeon.
             The game lasted 00:03:37 (1780 turns).

nikopol the Chopper (Hill Orc Fighter)              Turns: 1780, Time: 00:03:38

Health: -3/53      AC:  8    Str: 26    XL:     6   Next: 12%
Magic:  6/6        EV:  8    Int:  8    God:
Gold:   190        SH: 10    Dex: 10    Spells: 5/5 levels left

rFire    . . .     SeeInvis .   a - +0 war axe
rCold    . . .     Gourm    .   c - +0 shield
rNeg     . . .     Faith    .   b - +0 scale mail
rPois    .         Spirit   .   (no helmet)
rElec    .         Reflect  .   (no cloak)
rCorr    .         Harm     .   (no gloves)
MR       .....                  t - +0 pair of boots
Stlth    ..........             (no amulet)
HPRegen  0.17/turn              (no ring)
MPRegen  0.10/turn              (no ring)

@: mighty
A: no striking features
a: no special abilities


You were on level 4 of the Dungeon.
You were not hungry.

You visited 1 branch of the dungeon, and saw 4 of its levels.

You collected 190 gold pieces.

Inventory:

Hand Weapons
 a - a +0 war axe (weapon)
Armour
 b - a +0 scale mail (worn)
 c - a +0 shield (worn)
 t - a +0 pair of boots (worn)
Jewellery
 i - a +5 ring of evasion {unknown}
 l - an uncursed ring of protection from fire {unknown}
 n - an uncursed ring of fire {unknown}
Wands
 q - a wand of lightning (5/15)
 w - a wand of iceblast (1/15)
Scrolls
 e - 3 scrolls of teleportation {unknown}
 g - a scroll of remove curse {unknown}
 j - 4 scrolls of identify {unknown}
 k - a scroll of fear {unknown}
 o - a scroll of noise {unknown}
 s - a scroll of amnesia {unknown}
 v - a scroll of immolation {unknown}
Potions
 m - a potion of degeneration {unknown}
 r - a potion of curing {unknown}
Comestibles
 f - a bread ration
 h - a meat ration
 p - 2 royal jellies
 u - 4 chunks of flesh


   Skills:
 + Level 4.4 Fighting
 + Level 5.8 Axes
 + Level 4.1 Armour
 + Level 1.0 Dodging
 + Level 4.3 Shields


You had 5 spell levels left.
You didn't know any spells.

Dungeon Overview and Level Annotations

Branches:
Dungeon (4/15)
 Temple: D:4-7

Altars:
Nemelex Xobeh


Message History

The orc wizard casts a spell at you. The magic dart hits you!
* * * LOW HITPOINT WARNING * * *
The orc hits you but does no damage.
You slash the orc priest!
You kill the orc priest!
Your Dodging skill increases to level 1!
You have reached level 6!
Your experience leads to an increase in your attributes!
Your base attributes are Str 20, Int 8, Dex 10.
Increase (S)trength, (I)ntelligence, or (D)exterity?
You feel stronger.
You hit the orc. You miss something. You barely miss the orc wizard.
The orc wizard hits you with a dagger.
* * * LOW HITPOINT WARNING * * *
You block something's attack. You block the orc's attack.
You block the orc wizard's attack. The orc hits you but does no damage.
The orc wizard points at you and mumbles some strange words.
The puff of flame hits you!
You die...

. ..... ...#... #####..
. ....# .......
...........#.... ......#
......##........#....#..
.........#.##...........
.......#.#......o.o.....
.......#.#.....o{o......
.......#...#...o@o......
................))o..?..
.........#.#............
...........#............
......)........#########
#####......#.#.#
.........###...#
.#.......# ##..###
.....##..# #....#


You could see 3 orc wizards and 4 orcs.

Vanquished Creatures
  A vampire bat (D:3)
  An orc priest (D:4)
  2 orc wizards (D:3)
  2 adders
  2 oozes (D:2)
  2 worms (D:2)
  A leopard gecko (D:3)
  10 orcs
  4 giant cockroaches
  9 goblins
  8 hobgoblins
  5 jackals
  7 kobolds
  2 quokkas (D:2)
  22 bats
  A frilled lizard (D:4)
  2 rats
81 creatures vanquished.

Notes
Turn   | Place    | Note
-------+----------+-------------------------------------------
     0 | D:1      | nikopol the Hill Orc Fighter began the quest for the Orb.
     0 | D:1      | Reached XP level 1. HP: 19/19 MP: 1/1
   218 | D:1      | Reached XP level 2. HP: 27/27 MP: 2/2
   262 | D:1      | Reached skill level 3 in Axes
   291 | D:1      | Found a sparkling altar of Nemelex Xobeh.
   496 | D:2      | Reached XP level 3. HP: 32/33 MP: 3/3
   597 | D:2      | Reached XP level 4. HP: 32/40 MP: 4/4
   676 | D:2      | Reached skill level 4 in Axes
  1175 | D:3      | Reached skill level 5 in Axes
  1227 | D:3      | Reached XP level 5. HP: 39/46 MP: 5/5
  1780 | D:4      | Reached skill level 1 in Dodging
  1780 | D:4      | Reached XP level 6. HP: 3/53 MP: 6/6
  1780 | D:4      | HP: 2/53 [orc wizard/dagger (2)]
  1780 | D:4      | Killed from afar by an orc wizard

Vault maps used:
D:1:      dpeg_arrival_rhombi, st_stairs_7, nemelex_altar_shiori
D:3:      roderic_batcave
D:4:      minmay_temple_entry_statues_pillars

Skill      XL: |  1  2  3  4  5 |
---------------+----------------+-----
Axes           | 3 5 |  5.8
Fighting       | 4 |  4.4
Armour         | 4 |  4.1
Shields        | 4 |  4.3
Dodging        | 1 |  1.0

Action                   |  1- 3 |  4- 6 || total
-------------------------+-------+-------++-------
Melee: War axe           |    98 |   122 ||   220
  Use: Potion            |       |     1 ||     1
  Eat: Chunk             |       |     3 ||     3
Armor: Scale mail        |    56 |   104 ||   160
Dodge: Dodged            |    44 |    52 ||    96
Block: Shield            |    52 |    82 ||   134

Table legend:
 A = Spawn XP
 B = Non-spawn XP
 C = Spawn XP percentage of total XP
 D = Spawn monster count
 E = Non-spawn monster count
 F = Spawn count percentage of total count
 G = Total turns spent on level
                    A         B        C        D         E        F      G
               +---------+---------+-------+---------+---------+-------+---------
         Total |       0 |     356 |   0.0 |       0 |      81 |   0.0 |  1780
               +---------+---------+-------+---------+---------+-------+---------
           D:1 |       0 |      31 |   0.0 |       0 |      19 |   0.0 |   488
           D:2 |       0 |      72 |   0.0 |       0 |      24 |   0.0 |   417
           D:3 |       0 |     203 |   0.0 |       0 |      34 |   0.0 |   791
           D:4 |       0 |      50 |   0.0 |       0 |       4 |   0.0 |    84
               +---------+---------+-------+---------+---------+-------+---------
